 Dungeon Crawl Stone Soup version 0.16.1-11-g651b585 (webtiles) character file.

674 Madness1011 the Skirmisher (level 7, -8/78 HPs)
             Began as an Ogre Berserker on Mar 31, 2015.
             Was a Priest of Trog.
             Splashed by a jelly's acid (12 damage)
             ... on level 5 of the Dungeon.
             The game lasted 00:42:44 (3366 turns).

Madness1011 the Skirmisher (Ogre Berserker)         Turns: 3366, Time: 00:42:44

Health: -8/78      AC: -1    Str: 25    XL:     7   Next: 59%
Magic:  7/7        EV: 11    Int:  6    God:    Trog [***...]
Gold:   138        SH:  0    Dex:  9    Spells: 0 memorised, 6 levels left

rFire  . . .     SeeInvis .     e - +0 giant club
rCold  . . .     Clarity  .     b - +0 animal skin
rNeg   . . .     SustAb   .     (shield restricted)
rPois  .         Gourm    .     (helmet restricted)
rElec  .         Spirit   .     (no cloak)
rCorr  .         Warding  .     (gloves unavailable)
rMut   .         Stasis   +     (boots unavailable)
MR     .....                    h - amulet of stasis
Stlth  ..........               (no ring)
                                p - ring of loudness (curse)

@: exhausted, corroded equipment, contaminated, glowing, not resistant to
hostile enchantments, extremely unstealthy
A: unfitting armour, tough skin 1
a: Burn Spellbooks, Berserk, Trog's Hand, Renounce Religion


You were on level 5 of the Dungeon.
You worshipped Trog.
Trog was most pleased with you.
You were very hungry.

You visited 1 branch of the dungeon, and saw 5 of its levels.

You collected 138 gold pieces.

Inventory:

Hand weapons
 a - a +0 mace
 e - a +0 giant club (weapon)
 n - a +0 dagger
 q - a +0 flail
 r - a +0 hunting sling of evasion
 B - a +1 long sword of holy wrath
 C - a +0 dagger of venom
Missiles
 d - 23 stones (quivered)
 k - 8 arrows of frost
 o - 15 bolts
 t - 20 sling bullets
 A - 14 bolts of penetration
Armour
 b - a +0 animal skin (worn)
Jewellery
 h - an amulet of stasis (around neck)
 p - a cursed ring of loudness (left hand)
Magical devices
 j - a wand of polymorph (13)
 s - a wand of flame (22)
 y - a wand of polymorph (5)
Scrolls
 i - a scroll of noise {unknown}
 l - 2 scrolls of teleportation {unknown}
 m - a scroll of blinking {unknown}
 u - a scroll of remove curse {unknown}
Comestibles
 c - a meat ration
 f - 2 slices of pizza
 g - a beef jerky
 w - 4 chunks of flesh
 x - 2 bread rations


   Skills:
 + Level 7.1 Fighting
 + Level 6.6 Maces & Flails
 + Level 1.6 Armour
 + Level 5.0 Dodging
 + Level 0.5 Stealth


You had 6 spell levels left.
You didn't know any spells.

Dungeon Overview and Level Annotations

Branches:
Dungeon (5/15)
 Temple: D:4-7

Altars:
Gozag

Annotations:
D:5 Edmund


Innate Abilities, Weirdness & Mutations

You are too large for most types of armour.
You have tough skin (AC +1).


Message History

A jelly comes into view.
The jelly quivers.
The jelly hits you.
You are splashed with acid!
The acid burns!
You sock the jelly! The acid corrodes your equipment!
The jelly is heavily wounded.
The jelly hits you.
* * * LOW HITPOINT WARNING * * *
You are splashed with acid!
The acid burns!
* * * LOW HITPOINT WARNING * * *
The jelly hits you.
* * * LOW HITPOINT WARNING * * *
You are splashed with acid!
The acid burns!
* * * LOW HITPOINT WARNING * * *
It was a potion of restore abilities.
You feel refreshed. The jelly closely misses you.
Edmund the Younger comes into view.
He is wielding a flail of crushing.
It was a potion of curing.
You feel better. The jelly hits you.
* * * LOW HITPOINT WARNING * * *
You are splashed with acid!
The acid burns!
You die...

.#..##.# #.# .#..##.#
#.# ##..##)#####.# #
##..)##.).....#
.##.###.....#.......#
..........).).......#
.#.....>......^.....#
....#.............##
.......J@.....#.###
...###.......^#.# .
#........#.#
@.........#.#
######........
........# #.########


You could see Edmund and a jelly.

Vanquished Creatures
  2 ogres
  A scorpion (D:5)
  A hound (D:5)
  An orc priest (D:5)
  3 orc wizards
  A centaur skeleton (D:4)
  3 worker ants (D:4)
  2 iguanas (D:4)
  4 gnolls (D:2)
  A shadow imp (D:5)
  5 adders
  A giant mite (D:4)
  2 giant geckos
  An ooze (D:2)
  4 orcs
  10 bats
  3 giant cockroaches
  7 hobgoblins
  2 ball pythons
  A giant gecko skeleton (D:5)
  5 giant newts
  18 goblins
  6 kobolds
  A quokka skeleton (D:5)
  A quokka zombie (D:5)
  7 rats
93 creatures vanquished.

Notes
Turn   | Place    | Note
--------------------------------------------------------------
     0 | D:1      | Madness1011, the Ogre Berserker, began the quest for the Orb.
     0 | D:1      | Reached XP level 1. HP: 24/24 MP: 1/1
   228 | D:1      | Reached XP level 2. HP: 4/32 MP: 2/2
   939 | D:2      | Reached XP level 3. HP: 40/40 MP: 3/3
  1095 | D:2      | Found an opulent altar of Gozag.
  1188 | D:2      | Acquired Trog's second power
  1416 | D:2      | Reached XP level 4. HP: 49/49 MP: 4/4
  1423 | D:2      | Reached skill level 5 in Fighting
  1442 | D:2      | Reached skill level 5 in Maces & Flails
  1945 | D:3      | Reached XP level 5. HP: 36/57 MP: 5/5
  2221 | D:3      | Noticed an ogre
  2230 | D:3      | Killed an ogre
  2484 | D:4      | Reached XP level 6. HP: 49/67 MP: 6/6
  2674 | D:4      | Reached skill level 6 in Fighting
  3220 | D:5      | Entered Level 5 of the Dungeon
  3226 | D:5      | Reached XP level 7. HP: 76/76 MP: 7/7
  3354 | D:5      | Reached skill level 7 in Fighting
  3354 | D:5      | Reached skill level 5 in Dodging
  3364 | D:5      | HP: 1/78 [acid (11)]
  3366 | D:5      | Noticed Edmund
  3366 | D:5      | Splashed by a jelly's acid

Action                   |  1- 3 |  4- 6 |  7- 9 || total
-------------------------+-------+-------+-------++-------
Melee: Mace              |    95 |    23 |       ||   118
       Flail             |       |    61 |       ||    61
       Giant club        |       |    64 |    37 ||   101
Throw: Stone             |     8 |     1 |       ||     9
Invok: Berserk           |     3 |     2 |     2 ||     7
       Trog's Hand       |       |     1 |       ||     1
  Use: Potion            |       |     1 |     2 ||     3
  Eat: Chunk             |     3 |    10 |     1 ||    14
